 Dungeon Crawl Stone Soup version 0.29.0-11-gd7f09526c8 (webtiles) character file.

Game seed: 12498756340589469615

861 xian the Shooter (level 7, -5/55 HPs)
             Began as a Demonspawn Monk on Sept 5, 2022.
             Was a Believer of Makhleb.
             Slain by a yak (13 damage)
             ... on level 5 of the Dungeon.
             The game lasted 00:10:24 (4324 turns).

xian the Shooter (Demonspawn Monk)                  Turns: 4324, Time: 00:10:24

Health: -5/55      AC:  9    Str: 18    XL:     7   Next: 71%
Magic:  7/7        EV: 13    Int: 13    God:    Makhleb [**....]
Gold:   380        SH:  6    Dex: 18    Spells: 6/6 levels left

rFire   x . .      SeeInvis +   a - +5 spear of Psychosis {flame, rF- rN+ Int+2 Dex+3}
rCold   . . .      Faith    .   (no shield)
rNeg    + . .      Spirit   .   v - +3 leather armour of Zier Axul {Str+4}
rPois   .          Reflect  .   j - +1 helmet {SInv}
rElec   .          Harm     .   (no cloak)
rCorr   .          Rampage  .   p - +0 pair of gloves
Will    .....                   (no boots)
Stlth   ++........              (no amulet)
HPRegen 0.18/turn               e - ring of flight
MPRegen 0.10/turn               (no ring)

@: lethally poisoned (-5 -> -11), flying
A: large bone plates 2, ignite blood 1, weakness stinger 1
a: Renounce Religion, Minor Destruction


You were on level 5 of the Dungeon.
You worshipped Makhleb.
Makhleb was pleased with you.
You visited 1 branch of the dungeon, and saw 5 of its levels.

You collected 380 gold pieces.

Inventory:

Hand Weapons
 a - the +5 spear of Psychosis (weapon) {flame, rF- rN+ Int+2 Dex+3}
   (You found it on level 2 of the Dungeon)

   It burns those it strikes, dealing additional fire damage.
   Int:       It affects your intelligence (+2).
   Dex:       It affects your dexterity (+3).
   rF:        It makes you vulnerable to fire.
   rN:        It protects you from negative energy.
 l - the +6 sling of Xergh {vorpal, *Slow rF+++ Int+4 Dex+2}
   (You found it on level 3 of the Dungeon)

   Any ammunition fired from it inflicts extra damage upon your enemies.
   Int:       It affects your intelligence (+4).
   Dex:       It affects your dexterity (+2).
   rF:        It renders you almost immune to fire.
   *Slow:     It may slow you when you take damage.
Missiles
 d - 25 poisoned darts (quivered)
 q - 4 atropa-tipped darts
Armour
 j - a +1 helmet of see invisible (worn)
 p - a +0 pair of gloves (worn)
 v - the +3 leather armour of Zier Axul (worn) {Str+4}
   (You found it on level 5 of the Dungeon)

   Str:       It affects your strength (+4).
Jewellery
 e - a ring of flight (left hand)
 m - a ring of resist corrosion
Wands
 k - a wand of charming (7)
 o - a wand of polymorph (14)
Scrolls
 f - 3 scrolls of identify
 h - a scroll of magic mapping
 i - a scroll of amnesia
 s - 2 scrolls of teleportation
 u - a scroll of immolation
Potions
 b - a potion of flight
 c - 2 potions of ambrosia
 g - a potion of brilliance
 n - a potion of heal wounds
 t - a potion of lignification


   Skills:
 + Level 4.4 Fighting
 + Level 3.4 Axes
 + Level 0.6(2.2) Polearms
 * Level 6.0 Ranged Weapons
 + Level 0.2 Armour
 + Level 3.5 Dodging
 + Level 2.8 Stealth
 + Level 0.8 Shields


You had 6 spell levels left.
You didn't know any spells.
Your spell library contained the following spells:

 Spells                   Type           Power      Damage    Failure   Level
 Sublimation of Blood     Necr           0%         N/A       50%         2
 Fulminant Prism          Conj/Hex       0%         3d6       98%         4
 Iskenderun's Mystic Bla  Conj/Tloc      0%         2d3       98%         4
 Petrify                  Tmut/Erth      0%         N/A       98%         4
 Irradiate                Conj/Tmut      0%         3d11      100%        5
 Lee's Rapid Deconstruct  Erth           0%         3d5*      100%        5
 Borgnjor's Revivificati  Necr           0%         N/A       100%        8
 Necromutation            Tmut/Necr      0%         N/A       100%        8
 Death's Door             Necr           0%         N/A       100%        9


Dungeon Overview and Level Annotations

Branches:
Dungeon (5/15)
 Temple: D:4-7

Altars:
Hepliaklqana
Makhleb
Trog
Uskayaw

Annotations:
D:5 apoch's ghost, novice FoFi


Innate Abilities, Weirdness & Mutations

You are mostly covered in large bone plates. (SH +6)
Your demonic aura sometimes causes spilled blood to erupt in flames.
You have a small tail.


Message History

You hit the shadow imp. You burn the shadow imp.
You kill the shadow imp!
Makhleb accepts your kill.
You feel better.
Your Ranged Weapons skill increases to level 6!
Unknown command.
Reach: a) +5 spear of Psychosis {flame, rF- rN+ Int+2 Dex+3}
Press: ? - help, Dir - move target, f - apoch's ghost
Aim: apoch's ghost (about 24% to evade the +5 spear of Psychosis)
You reach to attack!
You hit apoch's ghost. You burn apoch's ghost.
Apoch's ghost is lightly damaged.
Unknown command.
Unknown command.
You hit apoch's ghost but do no damage.
Apoch's ghost is lightly damaged.
Unknown command.
You hit apoch's ghost. You burn apoch's ghost.
Your tail-slap misses apoch's ghost.
Apoch's ghost is moderately damaged.
You block the orc's attack. Apoch's ghost closely misses you.
Unknown command.
You closely miss apoch's ghost.
Apoch's ghost is moderately damaged.
You block the yak's attack. The orc hits you but does no damage.
You are poisoned.
Apoch's ghost hits you.
Unknown command.
Unknown command.
You hit apoch's ghost but do no damage.
Apoch's ghost is moderately damaged.
You feel very sick. The yak gores you! The orc misses you.
Apoch's ghost hits you!
Unknown command.
As you read the scroll of summoning, it crumbles to dust.
Wisps of shadow whirl around you...
You feel sick. The yak gores you.
* * * LOW HITPOINT WARNING * * *
The orc hits you but does no damage. Apoch's ghost hits you!
* * * LOW HITPOINT WARNING * * *
The yak attacks as you move away! The yak gores you!
You die...

...# ..) #.....≈.≈._§≈§
#..#.#...#.#.....≈.≈..§≈§
..#..#.#..#.....≈.≈≈.≈§§
.#.#...#.#.....≈....§.§
#.......#...#.≈≈≈≈§≈≈≈
#...)...#...#.........
#..###'''###....##...###.
#......oWYs......#.......
#.......@.l..............
#########..............#.
###............##
#...##...#...#
##..######...# #### #...#
#####


You could see a yak (ally target), apoch's ghost, an orc, a friendly scorpion
(summoned) and a friendly iguana (summoned).

Vanquished Creatures
  A black bear (D:5)
  A howler monkey (D:5)
  4 hounds (D:5)
  2 gnoll boudas (D:5)
  5 jellies
  Ijyb (D:3)
  Natasha (D:3)
  2 iguanas
  An orc wizard (D:4)
  Robin (D:4)
  3 adders
  6 gnolls (D:5)
  2 shadow imps (D:5)
  A white imp (D:5)
  An ufetubus (D:5)
  2 worms
  2 dart slugs
  10 orcs
  6 ball pythons
  7 bats
  14 endoplasms
  7 giant cockroaches
  18 goblins
  7 hobgoblins
  11 jackals
  4 quokkas
  A frilled lizard (D:2)
  14 kobolds
  7 rats
142 creatures vanquished.

Vanquished Creatures (others)
  9 fungi (D:4)
  6 toadstools (D:4)
15 creatures vanquished.

Grand Total: 157 creatures vanquished

Notes
Turn   | Place    | Note
-------+----------+-------------------------------------------
     0 | D:1      | xian the Demonspawn Monk began the quest for the Orb.
     0 | D:1      | Reached XP level 1. HP: 18/18 MP: 1/1
   340 | D:1      | Gained mutation: You are partially covered in large bone
                  | plates. (SH +4) [demonic ancestry]
   340 | D:1      | Reached XP level 2. HP: 24/24 MP: 2/2
  1258 | D:1      | Reached XP level 3. HP: 27/29 MP: 3/3
  1611 | D:2      | Identified the +5 spear of Psychosis {flame, rF- rN+ Int+2
                  | Dex+3}
  1846 | D:2      | Found a faded altar of an unknown god.
  2063 | D:3      | Noticed Ijyb
  2087 | D:3      | Killed Ijyb
  2088 | D:3      | Reached XP level 4. HP: 18/36 MP: 4/4
  2271 | D:3      | Identified the +6 sling of Xergh {vorpal, *Slow rF+++ Int+4
                  | Dex+2}
  2321 | D:3      | Found a hazy altar of Hepliaklqana.
  2440 | D:3      | Noticed Natasha
  2443 | D:3      | Killed Natasha
  2444 | D:3      | Reached skill level 1 in Ranged Weapons
  2444 | D:3      | Gained mutation: You have a small tail. [demonic ancestry]
  2444 | D:3      | Reached XP level 5. HP: 39/42 MP: 5/5
  2780 | D:4      | Found a bloodstained altar of Trog.
  2782 | D:4      | Reached skill level 2 in Ranged Weapons
  3356 | D:4      | Noticed Robin
  3360 | D:4      | Killed Robin
  3361 | D:4      | Gained mutation: You are mostly covered in large bone
                  | plates. (SH +6) [demonic ancestry]
  3361 | D:4      | Reached XP level 6. HP: 43/48 MP: 6/6
  3368 | D:4      | Reached skill level 3 in Ranged Weapons
  3775 | D:5      | Entered Level 5 of the Dungeon
  3796 | D:5      | Reached skill level 4 in Ranged Weapons
  3874 | D:5      | Gained mutation: Your demonic aura sometimes causes spilled
                  | blood to erupt in flames. [demonic ancestry]
  3874 | D:5      | Reached XP level 7. HP: 54/54 MP: 7/7
  3952 | D:5      | Identified the +3 leather armour of Zier Axul {Str+4}
  3973 | D:5      | Found a burning altar of Makhleb.
  3990 | D:5      | Reached skill level 5 in Ranged Weapons
  4000 | D:5      | Became a worshipper of Makhleb the Destroyer
  4000 | D:5      | Reached * piety under Makhleb
  4000 | D:5      | Reached ** piety under Makhleb
  4264 | D:5      | Found a hide-covered altar of Uskayaw.
  4276 | D:5      | Noticed a yak
  4277 | D:5      | Noticed apoch's ghost (novice FoFi)
  4301 | D:5      | Found a runed translucent gate.
  4302 | D:5      | Found a runed translucent gate.
  4303 | D:5      | Found a runed translucent gate.
  4318 | D:5      | Reached skill level 6 in Ranged Weapons
  4324 | D:5      | Slain by a yak

Illustrated notes

Levels and vault maps discovered:
D:1:      lightli_arrival_lavapool, layout_loops_corners
D:2:      layout_rooms, shapermc_ecumenical_altar_starsandcircs, glass_columns_b
D:3:      layout_rooms, mainiacjoe_overflow_six_doors_small, uniq_natasha,
          uniq_ijyb
D:4:      cheibrodos_fertilizer, layout_loops_ring, trog_antimagical, uniq_robin
D:5:      layout_cave_pools, mainiacjoe_overflow_24_doors,
          mainiacjoe_overflow_concentric_impassable, gammafunk_ghost_split,
          serial_shops, kennysheep_mini

Skill      XL: |  1  2  3  4  5  6  7 |
---------------+----------------------+-----
Stealth        | 2 |  2.8
Axes           | 3 |  3.4
Dodging        | 3 |  3.5
Ranged Weapons | 1 2 4 6 |  6.0
Fighting       | 4 |  4.4
Polearms       | |  0.6
Armour         | |  0.2
Shields        | |  0.8

Action                   |  1- 3 |  4- 6 |  7- 9 || total
-------------------------+-------+-------+-------++-------
Melee: Hand axe          |    94 |       |       ||    94
       Spear             |    45 |     8 |     6 ||    59
       Battleaxe         |    11 |       |       ||    11
 Fire: Sling             |       |   137 |    42 ||   179
  Use: Scroll            |     2 |     4 |     5 ||    11
 Stab: Sleeping          |     5 |     1 |       ||     6
Armor: Robe              |    44 |     5 |       ||    49
       Leather armour    |       |     4 |     5 ||     9
Dodge: Dodged            |   136 |    27 |    13 ||   176
Block: Other             |    32 |     9 |     7 ||    48
